 Dungeon Crawl Stone Soup version 0.21-a0-346-g330ab2c (webtiles) character file.

79866 saturnerianis the Minotaur Blade (level 15, -15/202 HPs)
             Began as a Minotaur Berserker on Oct 6, 2017.
             Was a High Priest of Trog.
             Demolished by rjrrt's ghost (24 damage)
             ... in an ice cave.
             The game lasted 01:25:51 (25541 turns).

saturnerianis the Minotaur Blade (MiBe)            Turns: 25541, Time: 01:25:52

Health: -15/202    AC: 25    Str: 32    XL:     15   Next: 22%
Magic:  14/14      EV: 11    Int:  4    God:    Trog [*****.]
Gold:   1265       SH:  0    Dex: 11    Spells: 14/14 levels left

rFire    + + +     SeeInvis +   b - +6 triple sword (drain)
rCold    + . .     Gourm    .   (shield currently unavailable)
rNeg     . . .     Faith    .   G - +7 fire dragon scales
rPois    .         Spirit   .   I - +2 hat
rElec    .         Reflect  .   i - scarf {rC+ rF+}
rCorr    .         Harm     .   v - +0 pair of gloves
MR       +....                  w - +1 pair of boots {Fly}
Stlth    ..........             N - amulet of regeneration
HPRegen  0.83/turn              M - ring of protection from cold
MPRegen  0.14/turn              q - ring of see invisible

@: berserking, flying, very quick
A: retaliatory headbutt, horns 2
a: Berserk, Trog's Hand, Brothers in Arms, Burn Spellbooks, Renounce Religion,
Stop Flying


You were in an ice cave.
You worshipped Trog.
Trog was extremely pleased with you.
You were not hungry.

You visited 3 branches of the dungeon, and saw 20 of its levels.
You also visited: Ice Cave.

You collected 1517 gold pieces.
You spent 252 gold pieces at shops.

Inventory:

Hand Weapons
 a - a +5 scimitar of flaming
 b - a +6 triple sword of draining (weapon)
Missiles
 e - 707 stones (quivered)
 p - 2 exploding tomahawks
 r - 16 tomahawks
 A - 2 throwing nets
 Q - 4 silver javelins
 R - 19 javelins
Armour
 i - a scarf of resistance (worn)
 v - a +0 pair of gloves (worn)
 w - a +1 pair of boots of flying (worn)
 G - +7 fire dragon scales (worn)
 I - a +2 hat (worn)
Jewellery
 j - an uncursed ring of positive energy
 q - a ring of see invisible (right hand)
 F - an uncursed ring of protection from magic
 M - a ring of protection from cold (left hand)
 N - an amulet of regeneration (around neck)
Scrolls
 h - 2 scrolls of blinking
 m - 2 scrolls of fear
 y - 3 scrolls of magic mapping
 z - 8 scrolls of remove curse
 D - 5 scrolls of recharging
 E - 7 scrolls of teleportation
 J - 3 scrolls of vulnerability
 L - a scroll of identify
Potions
 d - a potion of resistance
 f - 5 potions of might
 g - 2 potions of mutation
 k - 3 potions of heal wounds
 n - 5 potions of curing
 s - 2 potions of haste
 t - a potion of invisibility
 B - 2 potions of agility
 C - a potion of ambrosia
Comestibles
 c - 4 bread rations
 l - 13 royal jellies
 o - 25 fruits
 u - 6 meat rations


   Skills:
 + Level 13.0 Fighting
 - Level 24.0 Long Blades
 + Level 13.1 Armour
 - Level 2.1 Dodging


You had 14 spell levels left.
You didn't know any spells.

Dungeon Overview and Level Annotations

Branches:
Dungeon (13/15)            Temple (0/1) D:4            Lair (6/6) D:10
  Swamp (1/4) Lair:3       Spider (0/4) Lair:4          Orc (0/2) D:9
 Vaults (0/5) D:13
  Slime: Lair:5-6

Altars:
Elyvilon
Fedhas
Hepliaklqana
Kikubaaqudgha
Vehumet
Wu Jian
Xom
The Shining One

Shops:
D:10 %   D:12 [

Annotations:
Lair:5 exclusion: oklob plant IceCv rjrrt's ghost, adept DsBe


Innate Abilities, Weirdness & Mutations

You reflexively headbutt those who attack you in melee.
You have a pair of horns on your head.


Message History

The white imp hits you but does no damage.
The ettin simulacrum hits you but does no damage. x2
Rjrrt's ghost hits you but does no damage.
You completely miss rjrrt's ghost. Your headbutt misses rjrrt's ghost.
You miss rjrrt's ghost. Your headbutt misses rjrrt's ghost.
The white imp hits you but does no damage.
Rjrrt's ghost hits you!!
* * * LOW HITPOINT WARNING * * *
Your fire dragon scales prevents you from hitting rjrrt's ghost.
You headbutt rjrrt's ghost, but do no damage.
The ettin simulacrum hits you!!
* * * LOW HITPOINT WARNING * * *
The ettin simulacrum freezes you! You resist.
* * * LOW HITPOINT WARNING * * *
The ettin simulacrum closely misses you.
You hit rjrrt's ghost but do no damage. The white imp closely misses you.
You slice rjrrt's ghost!! Your headbutt misses rjrrt's ghost.
Rjrrt's ghost is moderately damaged.
Rjrrt's ghost hits you!!
You die...

################
.##.##..#......#
#..#..#..##.####
##. #####...#####
...##≈ # #..###
##..##≈≈ #
##..###
###...##≈≈#
##...##
##....##≈≈#
##.#.## #Z5§.##≈≈
#....####.@###≈#
#...###.###W..###
##...###.####...#
##...#.####...##
## ###...##...###
.#### ###....###
....## ######
###..######
###.....####


You could see rjrrt's ghost, a white imp and an ettin simulacrum.

Vanquished Creatures
  Gastronok (Lair:3)
  The ghost of Vibarexel the Bludgeoner, a journeyman MiFi of the Shining One (Lair:4)
  3 dire elephants (Lair:6)
  14 hydras
  A vault guard (D:13)
  A catoblepas (Lair:5)
  An anaconda (Lair:6)
  4 two-headed ogres
  2 alligators (Swamp:1)
  8 death yaks
  The ghost of TheOneDM the Fighter, a novice GnWn of Hepliaklqana (D:10)
  Sonja (Lair:3)
  2 unseen horrors
  A wolf spider zombie (D:12)
  5 ugly things
  A deep elf mage (D:12)
  The ghost of WiseOSalty the Charmwright, a novice GnSk of Ashenzari (D:6)
  2 manticores
  A salamander (shapeshifter) (D:13)
  6 slime creatures
  A cyclops (D:11)
  9 elephants
  7 black mambas
  Psyche (D:8)
  19 spiny frogs
  10 komodo dragons
  2 torpor snails (Lair:5)
  3 kobold demonologists (D:11)
  A rime drake (Lair:5)
  A golden dragon simulacrum (IceCv)
  2 anaconda simulacra (IceCv)
  A freezing wraith (IceCv)
  An ice devil (IceCv)
  A troll (D:13)
  A tyrant leech (Swamp:1)
  A jumping spider (Lair:4)
  A queen bee (Lair:5)
  The ghost of SkyDiva the Twirler, an amateur CeGl (D:4)
  2 meliai (Lair:5)
  4 hornets
  2 polar bears
  12 blink frogs
  13 hippogriffs
  11 dream sheep
  A bog body (Swamp:1)
  A spriggan (D:12)
  A wyvern (Lair:3)
  35 yaks
  2 steam dragons (Lair:5)
  11 vampire mosquitoes
  2 hungry ghosts
  2 basilisks
  Menkaure (D:6)
  A harpy simulacrum (IceCv)
  A swamp worm (Swamp:1)
  A hydra simulacrum (IceCv)
  2 acid dragons
  5 porcupines
  6 orc warriors
  3 swamp drakes (Swamp:1)
  A hornet zombie (D:7)
  14 water moccasins
  A sky beast (D:11)
  A black bear (Lair:1)
  A phantom (D:11)
  2 ice beasts
  2 eyes of draining (D:11)
  An ogre (D:4)
  A wolf (Lair:5)
  5 centaurs
  11 crocodiles
  6 big kobolds
  18 bullfrogs
  A wyvern zombie (D:10)
  3 scorpions
  36 killer bees
  14 wights
  An electric eel (D:9)
  4 lava snakes (D:10)
  8 howler monkeys
  3 crimson imps
  2 quasits
  6 hounds
  A bullfrog zombie (D:13)
  4 centaur zombies
  A bullfrog skeleton (D:10)
  5 jellies
  6 orc priests
  2 centaur skeletons
  Natasha (thrice) (D:4)
  An iguana (D:9)
  11 orc wizards
  9 hell rats
  A spriggan simulacrum (IceCv)
  A troll simulacrum (IceCv)
  11 worker ants
  3 wolf simulacra (IceCv)
  2 centaur simulacra (IceCv)
  A hound skeleton (D:8)
  7 gnolls
  2 worker ant zombies
  11 adders
  2 naga simulacra (IceCv)
  An ogre simulacrum (IceCv)
  6 shadow imps
  4 white imps (IceCv)
  An ufetubus (IceCv)
  An ooze (D:1)
  An adder skeleton (D:4)
  7 worms
  2 dart slugs
  3 leopard geckos
  47 orcs
  10 giant cockroaches
  3 goblins
  3 hobgoblins
  6 jackals
  27 kobolds
  6 quokkas
  2 ball pythons
  5 bats
  5 frilled lizards
  A leopard gecko zombie (D:5)
  A quokka zombie (D:8)
  4 rats
  A butterfly (Lair:5)
  3 plants (Lair:6)
615 creatures vanquished.

Vanquished Creatures (collateral kills)
  A meliai (Lair:5)
  A basilisk (Lair:5)
  2 killer bees (Lair:5)
4 creatures vanquished.

Vanquished Creatures (others)
  An orc wizard (D:9)
  17 fungi
  10 plants
28 creatures vanquished.

Grand Total: 647 creatures vanquished

Notes
Turn   | Place    | Note
-------+----------+-------------------------------------------
     0 | D:1      | saturnerianis the Minotaur Berserker began the quest for the Orb.
     0 | D:1      | Reached XP level 1. HP: 19/19 MP: 0/0
   149 | D:1      | Reached skill level 4 in Long Blades
   245 | D:1      | Found a glowing golden altar of the Shining One.
   266 | D:1      | Reached XP level 2. HP: 26/26 MP: 1/1
   884 | D:2      | Reached skill level 5 in Long Blades
   915 | D:2      | Reached XP level 3. HP: 31/31 MP: 2/2
   936 | D:2      | Reached ** piety under Trog
  1295 | D:2      | Reached skill level 6 in Long Blades
  1295 | D:2      | Reached XP level 4. HP: 39/39 MP: 3/3
  1967 | D:3      | Reached XP level 5. HP: 45/45 MP: 4/4
  1987 | D:3      | Found a glowing golden altar of the Shining One.
  2018 | D:3      | Found a radiant altar of Vehumet.
  2080 | D:3      | Reached skill level 7 in Long Blades
  2308 | D:3      | Found an ornate altar of the Wu Jian Council.
  2872 | D:4      | Found a staircase to the Ecumenical Temple.
  2984 | D:4      | Reached skill level 8 in Long Blades
  2984 | D:4      | Reached XP level 6. HP: 47/51 MP: 5/5
  2992 | D:4      | Noticed SkyDiva's ghost (amateur CeGl)
  3006 | D:4      | Killed SkyDiva's ghost
  3006 | D:4      | Reached skill level 9 in Long Blades
  3142 | D:4      | Noticed Natasha
  3159 | D:4      | Killed Natasha
  3223 | D:4      | Noticed Natasha
  3229 | D:4      | Killed Natasha
  3229 | D:4      | Reached XP level 7. HP: 52/57 MP: 6/6
  3431 | D:4      | Reached skill level 10 in Long Blades
  3463 | D:4      | Noticed Natasha
  3472 | D:4      | Killed Natasha
  3999 | D:5      | Entered Level 5 of the Dungeon
  4227 | D:5      | Reached *** piety under Trog
  4403 | D:5      | Reached skill level 11 in Long Blades
  4702 | D:5      | Found a blossoming altar of Fedhas.
  5172 | D:6      | Noticed Menkaure
  5184 | D:6      | Reached XP level 8. HP: 52/64 MP: 7/7
  5189 | D:6      | Killed Menkaure
  5417 | D:6      | Reached skill level 12 in Long Blades
  5725 | D:6      | Noticed WiseOSalty's ghost (novice GnSk)
  5755 | D:6      | Killed WiseOSalty's ghost
  5755 | D:6      | Reached skill level 13 in Long Blades
  6332 | D:7      | Reached XP level 9. HP: 68/70 MP: 8/8
  6375 | D:7      | Reached skill level 14 in Long Blades
  6423 | D:7      | Found a hazy altar of Hepliaklqana.
  6968 | D:7      | Reached skill level 5 in Fighting
  7015 | D:7      | Found a white marble altar of Elyvilon.
  7018 | D:7      | Reached **** piety under Trog
  7165 | D:7      | Reached skill level 5 in Armour
  7265 | D:7      | Found an ancient bone altar of Kikubaaqudgha.
  7880 | D:8      | Noticed a two-headed ogre
  7888 | D:8      | Killed a two-headed ogre
  7888 | D:8      | Received a gift from Trog
  7888 | D:8      | Reached XP level 10. HP: 88/88 MP: 9/9
  7996 | D:8      | Noticed a two-headed ogre
  8010 | D:8      | Killed a two-headed ogre
  8058 | D:8      | Noticed a two-headed ogre
  8072 | D:8      | Killed a two-headed ogre
  8100 | D:8      | Noticed Psyche
  8107 | D:8      | Killed Psyche
  8180 | D:8      | Found a shimmering altar of Xom.
  8744 | D:9      | Reached skill level 10 in Fighting
  8998 | D:9      | Reached skill level 10 in Armour
  9672 | D:9      | Found a staircase to the Orcish Mines.
  9924 | D:10     | Entered Level 10 of the Dungeon
  9996 | D:10     | Noticed an unseen horror
 10001 | D:10     | Killed an unseen horror
 10001 | D:10     | Reached XP level 11. HP: 99/101 MP: 10/10
 10312 | D:11     | Noticed a six-headed hydra
 10319 | D:11     | Killed a one-headed hydra
 10338 | D:11     | Got an ichor-stained helmet
 10406 | D:11     | Noticed a two-headed ogre
 10414 | D:11     | Killed a two-headed ogre
 10785 | D:11     | Reached ***** piety under Trog
 11170 | D:11     | Noticed a green ugly thing
 11196 | D:11     | Killed a green ugly thing
 11615 | D:11     | Received a gift from Trog
 12115 | D:12     | Noticed a deep elf mage
 12125 | D:12     | Killed a deep elf mage
 12321 | D:12     | Found Untin's Antique Armour Shoppe.
 12325 | D:12     | Bought a heavily runed leather armour for 252 gold pieces
 12335 | D:12     | Identified the +1 leather armour of Isuilob {rCorr Str-5 Int+2 SInv} (You bought it in a shop on level 12 of the Dungeon)
 12834 | D:13     | Reached skill level 15 in Long Blades
 12854 | D:13     | Noticed a green ugly thing
 12861 | D:13     | Killed a green ugly thing
 13006 | D:13     | Reached XP level 12. HP: 113/113 MP: 11/11
 13310 | D:13     | Reached skill level 16 in Long Blades
 13557 | D:13     | Noticed a five-headed hydra
 13563 | D:13     | Killed a two-headed hydra
 13944 | D:13     | Noticed a vault guard
 13956 | D:13     | Killed a vault guard
 13956 | D:13     | Reached skill level 17 in Long Blades
 14126 | D:13     | Found a gate to the Vaults.
 14309 | D:13     | Identified a scroll of acquirement
 14506 | D:10     | Found Kesh's Food Shoppe.
 14541 | D:10     | Received a gift from Trog
 14552 | D:10     | Noticed TheOneDM's ghost (novice GnWn)
 14574 | D:10     | Killed TheOneDM's ghost
 14619 | D:10     | Found a shimmering altar of Xom.
 14629 | D:10     | Noticed a death yak
 14631 | D:10     | Found a staircase to the Lair.
 14631 | D:10     | Noticed a death yak
 14631 | D:10     | Noticed a death yak
 14632 | D:10     | Noticed a death yak
 14632 | D:10     | Noticed a death yak
 14632 | D:10     | Noticed a death yak
 14634 | D:10     | Noticed a death yak
 14636 | D:10     | Killed a death yak
 14636 | D:10     | Reached skill level 18 in Long Blades
 14639 | D:10     | Killed a death yak
 14644 | D:10     | Killed a death yak
 14649 | D:10     | Killed a death yak
 14652 | D:10     | Killed a death yak
 14657 | D:10     | Killed a death yak
 14657 | D:10     | Reached XP level 13. HP: 119/119 MP: 12/12
 14963 | D:10     | Reached skill level 19 in Long Blades
 15293 | Lair:1   | Entered Level 1 of the Lair of Beasts
 17307 | Lair:3   | Noticed Sonja
 17308 | Lair:3   | Reached skill level 20 in Long Blades
 17318 | Lair:3   | Killed Sonja
 17764 | Lair:3   | Found a staircase to the Swamp.
 17784 | Lair:3   | Noticed Gastronok
 17796 | Lair:3   | Killed Gastronok
 18612 | Lair:4   | Noticed Vibarexel's ghost (journeyman MiFi)
 18623 | Lair:4   | Killed Vibarexel's ghost
 18934 | Lair:4   | Reached skill level 21 in Long Blades
 19342 | Lair:4   | Found a hole to the Spider Nest.
 20372 | Lair:5   | Reached XP level 14. HP: 127/127 MP: 4/13
 20690 | Lair:5   | Received a gift from Trog
 20738 | Lair:5   | Reached skill level 22 in Long Blades
 21034 | Lair:5   | Identified the Guide on Helpful Conjuration
 21607 | Lair:5   | Received a gift from Trog
 22364 | Lair:6   | Entered Level 6 of the Lair of Beasts
 22503 | Lair:6   | Reached skill level 23 in Long Blades
 24361 | Lair:6   | Reached XP level 15. HP: 91/134 MP: 10/14
 24509 | Lair:6   | Got a pitted spear
 24535 | Lair:6   | Identified the +3 spear "Nulargh" {protect, MR+ Str+2} (You found it on level 6 of the Lair of Beasts)
 24619 | Lair:6   | Reached skill level 24 in Long Blades
 24771 | Swamp:1  | Entered Level 1 of the Swamp
 24961 | Swamp:1  | Got a heavily runed ring mail
 25328 | Swamp:1  | Found a frozen archway.
 25349 | IceCv    | Entered an ice cave
 25369 | IceCv    | Identified the +5 ring mail of the Slightly Bent {rF+ Dex+4 Stlth+} (You found it on level 1 of the Swamp)
 25475 | IceCv    | Received a gift from Trog
 25534 | IceCv    | Noticed rjrrt's ghost (adept DsBe)
 25539 | IceCv    | HP: 8/202 [ettin simulacrum (11)]
 25541 | IceCv    | Demolished by rjrrt's ghost

Vault maps used:
D:1:      tarquinn_simple_flora_water_c, minivault_26, tso_metal_star
D:2:      first_bread
D:3:      lemuel_doored_altar, nicolae_overflow_crystal_walls,
          lemuel_round_altar, minmay_misc_feat_enclosed
D:4:      minmay_temple_entry_grid, uniq_natasha
D:5:      fedhas_altar_1
D:6:      uniq_menkaure
D:7:      kiku_gazebo_pond_becter, kennysheep_little_box, dk_vineyard_2,
          minmay_ruined_shrine
D:8:      xom_butterflies, supply_closet_lemuel, uniq_psyche
D:9:      erik_orc_2
D:10:     erik_rubicon_a, dpeg_lair_monsters, basic_altar, serial_shops, shop
D:12:     serial_shops, nicolae_shop_stone, hangedman_stone_soup
D:13:     david_vaults_5, hangedman_decor_clover_reticule
Lair:1:   st_stairs_6, infiniplex_staircase_pool_2
Lair:2:   infiniplex_staircase_pool, grunt_megastairs_5
Lair:3:   minmay_swamp_entry_swarm, uniq_sonja, uniq_gastronok
Lair:4:   spider_nest_entry_rubble
Lair:5:   regret_index_tunnel_blossom, minmay_slime_entry_oklob_enclosed,
          lemuel_fruit_fields
Lair:6:   due_jungle_book
Swamp:1:  portal_ice_cave_entry_pillars_four, evilmike_swamp_ruin_rubble_2
IceCv:    ice_cave_caverns_01

Skill      XL: |  1  2  3  4  5  6  7  8  9 10 11 12 13 14 15 |
---------------+----------------------------------------------+-----
Long Blades    | 4 5 6 8 9 11 13 14 15 18 21 23 24 | 24.0
Fighting       | 7 10 12 13 | 13.0
Armour         | 7 10 12 13 | 13.1
Dodging        | |  2.1

Action                   |  1- 3 |  4- 6 |  7- 9 | 10-12 | 13-15 || total
-------------------------+-------+-------+-------+-------+-------++-------
Melee: Falchion          |    67 |   130 |   174 |       |       ||   371
       Headbutt          |    12 |    27 |    57 |   108 |   157 ||   361
       Scimitar          |       |       |   147 |   508 |    70 ||   725
       Triple sword      |       |       |       |       |   609 ||   609
Throw: Stone             |    24 |    17 |    46 |    59 |       ||   146
Invok: Berserk           |       |     2 |     4 |    12 |     5 ||    23
       Trog's Hand       |       |       |     2 |     3 |     3 ||     8
       Burn Spellbooks   |       |       |     3 |       |     4 ||     7
       Brothers in Arms  |       |       |       |       |     1 ||     1
  Use: Scroll            |       |    10 |     8 |    18 |     8 ||    44
       Potion            |       |       |       |       |     2 ||     2
 Stab: Confused          |       |       |       |       |     1 ||     1
  Eat: Chunk             |     1 |     8 |    15 |     8 |    14 ||    46
       Bread ration      |       |       |     2 |     6 |     5 ||    13
       Fruit             |       |       |     1 |     1 |     7 ||     9
Armor: Chain mail        |    25 |    12 |       |       |       ||    37
       Animal skin       |     1 |       |       |       |       ||     1
       Plate armour      |       |    36 |   156 |    14 |       ||   206
       Fire dragon scale |       |       |       |   234 |   504 ||   738
Dodge: Dodged            |    30 |    28 |    77 |   214 |   354 ||   703
       Rpst.: Falchion   |     7 |     7 |     9 |       |       ||    23
       Scimitar          |       |       |     6 |    47 |     7 ||    60
       Triple sword      |       |       |       |       |    72 ||    72

Table legend:
 A = Spawn XP
 B = Non-spawn XP
 C = Spawn XP percentage of total XP
 D = Spawn monster count
 E = Non-spawn monster count
 F = Spawn count percentage of total count
 G = Total turns spent on level
                    A         B        C        D         E        F      G
               +---------+---------+-------+---------+---------+-------+---------
         Total |       0 |  114095 |   0.0 |       0 |     616 |   0.0 | 25541
               +---------+---------+-------+---------+---------+-------+---------
           D:1 |       0 |      27 |   0.0 |       0 |      14 |   0.0 |   760
           D:2 |       0 |     147 |   0.0 |       0 |      23 |   0.0 |  1075
           D:3 |       0 |      41 |   0.0 |       0 |      11 |   0.0 |   885
           D:4 |       0 |     929 |   0.0 |       0 |      26 |   0.0 |  1279
           D:5 |       0 |     208 |   0.0 |       0 |      20 |   0.0 |   985
           D:6 |       0 |    1416 |   0.0 |       0 |      19 |   0.0 |  1255
           D:7 |       0 |    1718 |   0.0 |       0 |      26 |   0.0 |  1564
           D:8 |       0 |    3923 |   0.0 |       0 |      22 |   0.0 |   558
           D:9 |       0 |    1920 |   0.0 |       0 |      46 |   0.0 |  1563
          D:10 |       0 |    9524 |   0.0 |       0 |      30 |   0.0 |  1279
          D:11 |       0 |    6997 |   0.0 |       0 |      49 |   0.0 |  1614
          D:12 |       0 |    2402 |   0.0 |       0 |      20 |   0.0 |   933
          D:13 |       0 |   11731 |   0.0 |       0 |      50 |   0.0 |  1543
        Lair:1 |       0 |    2334 |   0.0 |       0 |      14 |   0.0 |   889
        Lair:2 |       0 |    1306 |   0.0 |       0 |       7 |   0.0 |   684
        Lair:3 |       0 |    8842 |   0.0 |       0 |      27 |   0.0 |  1459
        Lair:4 |       0 |    8770 |   0.0 |       0 |      28 |   0.0 |  2011
        Lair:5 |       0 |   20352 |   0.0 |       0 |      83 |   0.0 |  2105
        Lair:6 |       0 |   22047 |   0.0 |       0 |      56 |   0.0 |  2330
       Swamp:1 |       0 |    7141 |   0.0 |       0 |      23 |   0.0 |   578
         IceCv |       0 |    2320 |   0.0 |       0 |      22 |   0.0 |   192
               +---------+---------+-------+---------+---------+-------+---------
